 Dungeon Crawl Stone Soup version 0.27.1-33-g824d729ab1 (webtiles) character file.

Game seed: 1639511231962409487

116 halfoni the Chopper (level 5, -4/41 HPs)
             Began as a Human Berserker on Dec 18, 2021.
             Was a Believer of Trog.
             Slain by a steam dragon (6 damage)
             ... on level 4 of the Dungeon.
             The game lasted 00:04:12 (3649 turns).

halfoni the Chopper (Human Berserker)               Turns: 3649, Time: 00:04:14

Health: -4/41      AC:  8    Str: 18    XL:     5   Next: 21%
Magic:  5/5        EV:  7    Int:  8    God:    Trog [**....]
Gold:   127        SH:  3    Dex: 12    Spells: 4/4 levels left

rFire    . . .     SeeInvis .   a - +0 hand axe
rCold    . . .     Faith    .   m - +0 buckler
rNeg     . . .     Spirit   .   f - +0 chain mail
rPois    .         Reflect  .   (no helmet)
rElec    .         Harm     .   (no cloak)
rCorr    .         Rampage  .   (no gloves)
Will     .....                  (no boots)
Stlth    ..........             (no amulet)
HPRegen  0.13/turn              (no ring)
MPRegen  0.09/turn              (no ring)

@: on berserk cooldown, slowed, very slow
A: no striking features
a: Renounce Religion, Berserk, Trog's Hand


You were on level 4 of the Dungeon.
You worshipped Trog.
Trog was pleased with you.
You visited 1 branch of the dungeon, and saw 4 of its levels.

You collected 127 gold pieces.

Inventory:

Hand Weapons
 a - a +0 hand axe (weapon)
Armour
 f - a +0 chain mail (worn)
 m - a +0 buckler (worn)
Scrolls
 c - a scroll of noise {unknown}
 g - a scroll of fog {unknown}
 h - 2 scrolls of identify {unknown}
 i - a scroll of magic mapping {unknown}
 j - a scroll of brand weapon {unknown}
 l - a scroll of silence {unknown}
Potions
 d - 3 potions of curing {unknown}
 e - a potion of might {unknown}
 k - a potion of mutation {unknown}


   Skills:
 + Level 3.6 Fighting
 + Level 4.4 Axes
 * Level 2.3 Armour
 + Level 2.7 Dodging
 * Level 0.1 Shields


You had 4 spell levels left.
You didn't know any spells.
Your spell library was empty.

Dungeon Overview and Level Annotations

Branches:
Dungeon (4/15)
 Temple: D:4-7

Altars:
Cheibriados
Beogh


Message History

The steam dragon bites you.
The steam dragon claws you but does no damage.
You barely miss the steam dragon.
The steam dragon is lightly wounded.
You are no longer berserk.
You are exhausted.
You feel yourself slow down.
The steam dragon bites you but does no damage.
The steam dragon claws you but does no damage.
You hit the steam dragon.
The steam dragon is lightly wounded.
The steam dragon closely misses you. The steam dragon claws you.
The steam dragon barely misses you.
The steam dragon claws you but does no damage.
You hit the steam dragon but do no damage.
The steam dragon is lightly wounded.
The steam dragon breathes steam at you. The ball of steam hits you!
* * * LOW HITPOINT WARNING * * *
The steam dragon bites you but does no damage.
The steam dragon claws you but does no damage.
You closely miss the steam dragon.
The steam dragon is lightly wounded.
You are engulfed in a cloud of scalding steam.
The steam dragon bites you!
* * * LOW HITPOINT WARNING * * *
You block the steam dragon's attack.
Unknown command.
You hit the steam dragon.
The steam dragon is lightly wounded.
The steam dragon barely misses you.
The steam dragon claws you but does no damage.
The steam dragon closely misses you. x2
You hit the steam dragon.
The steam dragon is moderately wounded.
The steam dragon bites you.
* * * LOW HITPOINT WARNING * * *
The steam dragon claws you but does no damage.
The steam dragon bites you.
You die...

##########
#........#
#........#
#........#
#........#
#......@D#
###..#.##.....#
#...##..# ..###
#.#.###... .#
#.#### #.#. #
#..≈≈## .. .#
##..≈≈####. #
#...≈≈# ..
##...≈≈#


You could see a steam dragon.

Vanquished Creatures
  A mummy (D:3)
  2 adders
  A worm (D:3)
  3 dart slugs
  6 orcs
  9 ball pythons
  5 bats
  5 endoplasms
  A giant cockroach (D:3)
  4 goblins
  8 hobgoblins
  6 quokkas
  4 frilled lizards
  6 kobolds
  6 rats
67 creatures vanquished.

Notes
Turn   | Place    | Note
-------+----------+-------------------------------------------
     0 | D:1      | halfoni the Human Berserker began the quest for the Orb.
     0 | D:1      | Reached XP level 1. HP: 18/18 MP: 1/1
   156 | D:1      | Reached XP level 2. HP: 13/24 MP: 2/2
   776 | D:1      | Reached XP level 3. HP: 29/29 MP: 3/3
  1204 | D:1      | Reached ** piety under Trog
  1528 | D:2      | HP: 1/43 [orc (6)]
  1530 | D:2      | Reached XP level 4. HP: 2/35 MP: 4/4
  1631 | D:2      | Reached skill level 4 in Axes
  2034 | D:2      | Found a faded altar of an unknown god.
  2890 | D:3      | Reached XP level 5. HP: 41/41 MP: 5/5
  3052 | D:3      | Found a snail-covered altar of Cheibriados.
  3637 | D:4      | Noticed a steam dragon
  3649 | D:4      | HP: 2/41 [steam dragon (1)]
  3649 | D:4      | Slain by a steam dragon

Illustrated notes

Levels and vault maps discovered:
D:1:      scummos_arrival_star, layout_basic
D:2:      layout_rooms, hellmonk_ecumenical_altar_defaced_shrine
D:3:      layout_basic, slow_altar_1
D:4:      layout_rooms, lemuel_coloured_pillars_altar, serial_park_tiny_pond,
          kennysheep_nub

Skill      XL: |  1  2  3  4 |
---------------+-------------+-----
Axes           | 4 |  4.4
Fighting       | |  3.6
Armour         | |  2.3
Dodging        | |  2.7
Shields        | |  0.1

Action                   |  1- 3 |  4- 6 || total
-------------------------+-------+-------++-------
Melee: Hand axe          |    95 |   108 ||   203
Invok: Berserk           |     3 |     2 ||     5
 Stab: Sleeping          |     1 |       ||     1
Armor: Animal skin       |    15 |       ||    15
       Chain mail        |       |    65 ||    65
Dodge: Dodged            |    68 |    52 ||   120
Block: Buckler           |       |     4 ||     4
